[Event "Titled Tuesday Blitz February 07 Early 2023"]
[White "Vlassov, Nikolai"]
[Black "Manon-og, Ramon Jr."]
[WhiteFideId "4103360"]
[BlackFideId "5200776"]
[WhiteElo "2283"]
[BlackElo "1999"]
[Result "1-0"]
[Round "01"]
[TimeControl "180+2"]
[Date "2023.02.07"]
[WhiteClock "0:00:33"]
[BlackClock "0:00:10"]

1. e4 c5 2. c3 d6 3. d4 cxd4 4. cxd4 Nf6 5. Nc3 g6 6. Bg5 Bg7 7. e5 Ng8 8. f4 Nh6 9. Nf3 O-O 10. Bc4 dxe5 11. fxe5 Nc6 12. Qd2 Nf5 13. O-O-O Qb6 14. g4 Qb4 15. Bb3 h6 16. gxf5 hxg5 17. fxg6 Be6 18. gxf7+ Bxf7 19. Bxf7+ Rxf7 20. Nxg5 Bh6 21. Rhg1 Rg7 22. h4 Rd8 23. Ne2 Qa4 24. Kb1 Nb4 25. Nc3 Qa6 26. Qe2 Qg6+ 27. Qe4 Qxe4+ 28. Ncxe4 Nc6 29. Ne6 Rxg1 30. Rxg1+ Kf7 31. Nxd8+ Nxd8 32. d5 e6 33. Nd6+ Ke7 34. Rg6 Bf4 35. Rg7+ Kf8 36. Nxb7 Kxg7 37. Nxd8 exd5 38. Ne6+ Kg6 39. Nxf4+ Kf5 40. e6 d4 41. e7 1-0


[Site "https://www.chess.com"]

[Event "Titled Tuesday Blitz February 07 Early 2023"]
[White "Nunez V, Gustavo Eduardo"]
[Black "Dimitrov, Atanas"]
[WhiteFideId "4403690"]
[BlackFideId "2901315"]
[WhiteElo "2212"]
[BlackElo "2269"]
[Result "0-1"]
[Round "01"]
[TimeControl "180+2"]
[Date "2023.02.07"]
[WhiteClock "0:00:02"]
[BlackClock "0:00:39"]

1. e4 c5 2. Nc3 Nc6 3. g3 Nf6 4. Bg2 g6 5. Nge2 Bg7 6. O-O O-O 7. h3 e6 8. d3 d5 9. exd5 exd5 10. Nf4 Ne7 11. Re1 d4 12. Ne4 Nxe4 13. dxe4 Bd7 14. e5 Bc6 15. e6 Bxg2 16. Kxg2 Qc8 17. Qg4 Qc6+ 18. Qf3 Qxf3+ 19. Kxf3 fxe6 20. Rxe6 Nd5 21. Kg2 Nb4 22. Re2 Rfe8 23. Ne6 b6 24. Bf4 Nxc2 25. Rxc2 Rxe6 26. Rd1 Rae8 27. b4 cxb4 28. Rc7 R6e7 29. Rc4 a5 30. Rc6 Re6 31. Rc7 R8e7 32. Rc8+ Kf7 33. Bg5 Rd7 34. Rd3 Bf6 35. Bd2 Kg7 36. Rb8 Be5 37. Rc8 Red6 38. f4 Bf6 39. Kf3 h5 40. g4 hxg4+ 41. hxg4 Rd5 42. Rc6 R7d6 43. Rc7+ Rd7 44. Rc6 R5d6 45. Rc8 Re6 46. f5 gxf5 47. gxf5 Re5 48. Kf4 Rde7 49. Rg3+ Kf7 50. Rf3 Re4+ 51. Kg3 Re2 52. Bf4 Rxa2 53. Rb8 Rd7 54. Rxb6 d3 55. Rf1 d2 56. Rd1 Bc3 57. Re6 Ra1 58. Rxd2 Bxd2 59. Bxd2 Rxd2 60. Ra6 Rd4 61. Kf3 b3 62. Ke3 Rb4 63. Ra7+ Kf6 64. Ra6+ Kxf5 65. Ra8 b2 66. Rf8+ Kg6 67. Rg8+ Kh7 68. Rg2 Re1+ 69. Kd2 b1=Q 70. Rh2+ Kg7 71. Rg2+ Kf8 72. Rf2+ Ke8 73. Rf3 Qd1+ 74. Kc3 Qxf3+ 75. Kd2 Rd1+ 76. Kc2 Qb3# 0-1


[Site "https://www.chess.com"]

[Event "Titled Tuesday Blitz February 07 Early 2023"]
[White "Jain Kashish Manoj"]
[Black "Szyszylo, Rafal"]
[WhiteFideId "35081098"]
[BlackFideId "1109626"]
[WhiteElo "2375"]
[BlackElo "2091"]
[Result "0-1"]
[Round "01"]
[TimeControl "180+2"]
[Date "2023.02.07"]
[WhiteClock "0:00:10"]
[BlackClock "0:00:06"]

1. Nf3 d6 2. Nc3 Nf6 3. e3 g6 4. g3 Bg7 5. Bg2 O-O 6. O-O Nc6 7. d4 e5 8. Re1 a6 9. b3 Rb8 10. Bb2 Bd7 11. dxe5 dxe5 12. Nd5 Nxd5 13. Qxd5 Be6 14. Qc5 Qf6 15. Nd2 Rfd8 16. Ne4 Qf5 17. Rad1 Bf8 18. Qc3 Bb4 19. g4 Qxg4 20. Qxb4 Qxg2+ 21. Kxg2 Nxb4 22. Bxe5 Bd5 23. f3 Bxe4 24. fxe4 Nxc2 25. Rxd8+ Rxd8 26. Re2 Re8 27. Bxc7 Nb4 28. e5 Nc6 29. Rc2 Nxe5 30. Bb6 Re7 31. Rc8+ Kg7 32. Bd4 f6 33. h3 h5 34. Rb8 Kf7 35. Kg3 Ke6 36. Rg8 g5 37. h4 g4 38. Kf4 Nf3 39. Ke4 Nxh4 40. Rh8 f5+ 41. Kd3 Nf3 42. Rh6+ Kd7 43. Rxh5 Rf7 44. Rh6 g3 45. Rg6 g2 46. Rxg2 Ne1+ 47. Ke2 Nxg2 48. Be5 Nh4 49. Bf4 Ng6 50. Kd3 Ke6 51. Bg3 Rd7+ 52. Kc4 Ne5+ 53. Kc5 Rd2 54. Kb6 Rxa2 55. Kxb7 Rb2 56. Kb6 Rxb3+ 57. Kxa6 Rxe3 58. Bf4 Rd3 59. Bh6 Rd7 0-1


[Site "https://www.chess.com"]

[Event "Titled Tuesday Blitz February 07 Early 2023"]
[White "McBryde, Lamel"]
[Black "Kuderinov, Kirill"]
[WhiteFideId "2058596"]
[BlackFideId "13701568"]
[WhiteElo "1861"]
[BlackElo "2404"]
[Result "1-0"]
[Round "01"]
[TimeControl "180+2"]
[Date "2023.02.07"]
[WhiteClock "0:00:05"]
[BlackClock "0:00:05"]

1. Nf3 c5 2. b3 Nc6 3. Bb2 Nf6 4. e3 d6 5. d4 cxd4 6. exd4 e6 7. Bd3 Be7 8. a3 O-O 9. Nbd2 d5 10. O-O h6 11. c4 b6 12. Rc1 Bb7 13. Qe2 Rc8 14. Bb1 dxc4 15. bxc4 Na5 16. Qd3 g6 17. Ne5 Qe8 18. Qh3 Kh7 19. Rce1 Bd6 20. Nxg6 fxg6 21. Rxe6 Qd7 22. d5 Bf4 23. Qd3 Qg7 24. Ne4 Bg5 25. f4 Nxc4 26. Ba1 Bh4 27. g3 Bxd5 28. Nxf6+ Bxf6 29. Bxf6 Rxf6 30. Qxd5 Rxe6 31. Qxe6 Qd4+ 32. Kh1 Rg8 33. f5 Kh8 34. fxg6 Ne5 35. Qf6+ Rg7 36. Qf8+ Rg8 37. g7# 1-0


[Site "https://www.chess.com"]

[Event "Titled Tuesday Blitz February 07 Early 2023"]
[White "Alex_Sahakyan2006"]
[Black "Miszler, Levente"]
[BlackFideId "763276"]
[WhiteElo "2712"]
[BlackElo "2271"]
[Result "1-0"]
[Round "01"]
[TimeControl "180+2"]
[Date "2023.02.07"]
[WhiteClock "0:02:01"]
[BlackClock "0:01:47"]

1. e4 e6 2. Nc3 d5 3. d4 dxe4 4. Nxe4 Nf6 5. Nxf6+ gxf6 6. Nf3 f5 7. Bf4 Bg7 8. c3 c5 9. dxc5 Qxd1+ 10. Rxd1 Nd7 11. Bb5 a6 12. Ba4 f6 13. c6 bxc6 14. Bxc6 Ra7 15. Bb8 Ke7 16. Bxa7 Ne5 17. Bc5+ Kf7 18. Nxe5+ fxe5 19. O-O Rg8 20. Rd3 e4 21. Rd2 Be5 22. Bd6 Bf6 23. Rfd1 Bg5 24. Be5 Bxd2 25. Rxd2 a5 26. h3 h5 27. Kh2 Ba6 28. Rd7+ Kg6 29. Re7 Bc4 30. b3 Bf1 31. g3 f4 32. Bxe4+ Kh6 33. Rh7+ Kg5 34. h4+ Kg4 35. f3# 1-0


[Site "https://www.chess.com"]

[Event "Titled Tuesday Blitz February 07 Early 2023"]
[White "I_KID_you_not"]
[Black "Zivkovic, Nemanja"]
[BlackFideId "942154"]
[WhiteElo "2342"]
[BlackElo "2339"]
[Result "1/2-1/2"]
[Round "01"]
[TimeControl "180+2"]
[Date "2023.02.07"]
[WhiteClock "0:00:16"]
[BlackClock "0:00:27"]

1. e4 c5 2. Nc3 Nc6 3. Bb5 Nd4 4. Nf3 a6 5. Bd3 e6 6. O-O Nc6 7. b3 Nf6 8. Bb2 d6 9. Re1 Be7 10. e5 dxe5 11. Nxe5 Nxe5 12. Rxe5 Bd7 13. Qf3 Bc6 14. Ne4 O-O 15. Rg5 Bxe4 16. Bxe4 g6 17. Rg3 Nxe4 18. Qxe4 Bf6 19. Bxf6 Qxf6 20. Re1 Rab8 21. a4 Rfd8 22. d3 Rd4 23. Qe5 Qxe5 24. Rxe5 Rc8 25. Rge3 b5 26. axb5 axb5 27. R3e4 Rd6 28. f4 h5 29. g3 Ra6 30. Kf2 Ra2 31. Re2 Kg7 32. h3 Kf6 33. g4 hxg4 34. hxg4 Rc7 35. Kg3 Rb2 36. Kf3 Rb1 37. Re1 Rb2 38. R1e2 Rc8 39. Kg3 Ra2 40. R5e4 Rc7 41. Rf2 Kg7 42. f5 exf5 43. gxf5 Ra6 44. fxg6 Rxg6+ 45. Rg4 Rd7 46. Rf5 Rc7 47. Kf4 Rxg4+ 48. Kxg4 f6 49. Rd5 Kg6 50. Kf4 Rc8 51. Ke4 Rc7 52. d4 cxd4 53. Kxd4 Rxc2 54. Rxb5 f5 55. Ke3 Kg5 56. Kf3 Rc3+ 57. Kf2 Kf4 58. Rb4+ Kg5 59. Rc4 Rxb3 60. Ra4 Rb2+ 61. Kf3 Rb3+ 62. Kf2 f4 63. Ra8 Kg4 64. Rg8+ Kf5 65. Rf8+ Ke5 66. Re8+ Kd4 67. Rd8+ Ke5 68. Re8+ Kf5 69. Rf8+ Ke4 70. Re8+ Kd3 71. Rd8+ Ke4 72. Re8+ Kd5 73. Rd8+ Ke6 74. Re8+ Kf7 75. Re4 f3 76. Re3 Rxe3 77. Kxe3 f2 78. Kxf2 1/2-1/2


[Site "https://www.chess.com"]

[Event "Titled Tuesday Blitz February 07 Early 2023"]
[White "Han, Yichen"]
[Black "Fathy, Elameir"]
[WhiteFideId "1054430"]
[BlackFideId "10600396"]
[WhiteElo "2413"]
[BlackElo "2300"]
[Result "1-0"]
[Round "01"]
[TimeControl "180+2"]
[Date "2023.02.07"]
[WhiteClock "0:01:49"]
[BlackClock "0:01:21"]

1. e4 c6 2. d4 d5 3. f3 e6 4. Nc3 Bb4 5. Qd3 Ne7 6. Bd2 b6 7. Nge2 Ba6 8. Qe3 c5 9. a3 Bxe2 10. Bxe2 Ba5 11. Bb5+ Nbc6 12. exd5 Nxd5 13. Bxc6+ 1-0


[Site "https://www.chess.com"]

[Event "Titled Tuesday Blitz February 07 Early 2023"]
[White "Prieto Aranguren, Alain"]
[Black "Averjanov, Alexey"]
[WhiteFideId "2268906"]
[BlackFideId "14109867"]
[WhiteElo "2258"]
[BlackElo "2399"]
[Result "0-1"]
[Round "01"]
[TimeControl "180+2"]
[Date "2023.02.07"]
[WhiteClock "0:01:22"]
[BlackClock "0:02:34"]

1. d4 d5 2. c4 dxc4 3. e3 Nf6 4. Bxc4 e6 5. Nf3 a6 6. O-O b5 7. Be2 Bb7 8. a4 b4 9. Nbd2 Nbd7 10. a5 c5 11. Nc4 Qc7 12. Nfe5 Be7 13. Bf3 O-O 14. Nxd7 Nxd7 15. Bxb7 Qxb7 16. Qf3 Qb5 17. b3 cxd4 18. exd4 Nf6 19. Re1 Nd5 20. Qg3 Bf6 21. Be3 Rad8 22. Nd6 Qd3 23. Bh6 Qxg3 0-1


[Site "https://www.chess.com"]

[Event "Titled Tuesday Blitz February 07 Early 2023"]
[White "Manukyan, Sargis A."]
[Black "Lacasa Diaz, Jose Antonio"]
[WhiteFideId "13303970"]
[BlackFideId "2203375"]
[WhiteElo "2158"]
[BlackElo "2359"]
[Result "1-0"]
[Round "01"]
[TimeControl "180+2"]
[Date "2023.02.07"]
[WhiteClock "0:01:05"]
[BlackClock "0:00:02"]

1. d4 d5 2. c4 e6 3. Nc3 c5 4. cxd5 exd5 5. Nf3 Nc6 6. g3 Nf6 7. Bg2 cxd4 8. Nxd4 Bc5 9. Nxc6 bxc6 10. O-O O-O 11. Bg5 Re8 12. e4 d4 13. Na4 Be7 14. Rc1 h6 15. Bxf6 Bxf6 16. Rxc6 Bb7 17. Rc2 Bxe4 18. Bxe4 Rxe4 19. Rd2 Qa5 20. b3 Rae8 21. Kg2 h5 22. Qf3 h4 23. Rfd1 Qg5 24. Nb2 hxg3 25. hxg3 g6 26. Nd3 Kg7 27. Nf4 1-0


[Site "https://www.chess.com"]

[Event "Titled Tuesday Blitz February 07 Early 2023"]
[White "Topalov, Aleksandar"]
[Black "Koellner, Ruben Gideon"]
[WhiteFideId "925659"]
[BlackFideId "12993093"]
[WhiteElo "2233"]
[BlackElo "2426"]
[Result "0-1"]
[Round "01"]
[TimeControl "180+2"]
[Date "2023.02.07"]
[WhiteClock "0:00:47"]
[BlackClock "0:01:06"]

1. b3 d6 2. Bb2 e5 3. d4 e4 4. d5 f5 5. e3 Nf6 6. Ne2 Be7 7. Nf4 O-O 8. h4 c6 9. Nc3 c5 10. Be2 a6 11. a4 Re8 12. Ne6 Bxe6 13. dxe6 d5 14. a5 Nc6 15. g3 Qd6 16. Qd2 Rad8 17. Na4 Qxe6 18. Kf1 Kh8 19. h5 h6 20. Qc3 d4 21. Qc4 Qxc4 22. Bxc4 Nxa5 23. Bf7 Rf8 24. Bg6 Nc6 25. Nb6 Nb4 26. Bxf5 dxe3 27. Ke2 Nxc2 28. Rac1 Rd2+ 0-1


[Site "https://www.chess.com"]

[Event "Titled Tuesday Blitz February 07 Early 2023"]
[White "Martinez Ramirez, Lennis"]
[Black "Perez Rodriguez, Jennifer"]
[WhiteFideId "3509079"]
[BlackFideId "3507831"]
[WhiteElo "2426"]
[BlackElo "2242"]
[Result "0-1"]
[Round "01"]
[TimeControl "180+2"]
[Date "2023.02.07"]
[WhiteClock "0:00:02"]
[BlackClock "0:00:07"]

1. c4 c6 2. e4 d5 3. cxd5 cxd5 4. e5 Nc6 5. d4 e6 6. Nc3 Qb6 7. Nf3 Nge7 8. Bd3 Bd7 9. Bb1 Rc8 10. O-O Ng6 11. h4 Be7 12. g3 O-O 13. h5 Nh8 14. Qd3 g6 15. a3 f5 16. exf6 Rxf6 17. Ne2 Rcf8 18. Bf4 Rf5 19. hxg6 Nxg6 20. Qd2 R5f6 21. Bxg6 Rxg6 22. Rae1 Bf6 23. Nc3 Nxd4 24. Nxd4 Qxd4 25. Qxd4 Bxd4 26. Be5 Bb6 27. Kg2 d4 28. Ne4 Bc6 29. f3 Rf5 30. Bb8 Rd5 31. g4 d3 32. Bf4 Rd4 33. Kg3 Bb5 34. Nc3 d2 35. Nxb5 dxe1=Q+ 36. Rxe1 Rd3 37. Nd6 Rf6 38. Nxb7 Ba5 39. b4 Bb6 40. Re4 Rxa3 41. g5 Rf5 42. Nd6 Rd5 43. Ne8 Rdd3 44. Nf6+ Kf7 45. Kg4 Rxf3 46. Be5 Rf5 47. Bf4 Bf2 48. Nh5 Rd5 49. Rc4 Rdd3 50. Rc7+ Ke8 51. Nf6+ Kd8 52. Rd7+ Rxd7 0-1


[Site "https://www.chess.com"]

[Event "Titled Tuesday Blitz February 07 Early 2023"]
[White "Jiganchine, Roman"]
[Black "Araujo Sanchez, Josue"]
[WhiteFideId "2603667"]
[BlackFideId "6416896"]
[WhiteElo "2205"]
[BlackElo "2303"]
[Result "0-1"]
[Round "01"]
[TimeControl "180+2"]
[Date "2023.02.07"]
[WhiteClock "0:00:52"]
[BlackClock "0:01:32"]

1. e4 c5 2. Nf3 d6 3. Bb5+ Bd7 4. Bxd7+ Qxd7 5. c4 Nc6 6. d4 cxd4 7. Nxd4 g6 8. f3 Bg7 9. Be3 Nf6 10. Nc3 O-O 11. O-O Rfc8 12. Qd2 Nxd4 13. Bxd4 Rxc4 14. b3 Nxe4 15. Nxe4 Rxd4 16. Qe2 d5 17. Nf2 Rc8 18. Rac1 e6 19. h3 h5 20. Kh1 Bh6 21. Rcd1 Rxd1 22. Rxd1 Qc7 23. Qb5 b6 24. Rf1 Qg3 25. Nd3 Rc2 26. Rg1 Be3 0-1


[Site "https://www.chess.com"]

[Event "Titled Tuesday Blitz February 07 Early 2023"]
[White "Souleidis, Georgios"]
[Black "Chakravarthi Reddy, M"]
[WhiteFideId "4206827"]
[BlackFideId "25009532"]
[WhiteElo "2419"]
[BlackElo "2279"]
[Result "1-0"]
[Round "01"]
[TimeControl "180+2"]
[Date "2023.02.07"]
[WhiteClock "0:00:23"]
[BlackClock "0:00:25"]

1. e4 e5 2. Nc3 Nc6 3. Nf3 Nf6 4. d4 exd4 5. Nxd4 Bb4 6. Nxc6 bxc6 7. Bd3 O-O 8. O-O d5 9. exd5 cxd5 10. h3 h6 11. Qf3 Bb7 12. Bf4 Rb8 13. Rad1 Bxc3 14. bxc3 d4 15. Qg3 Nh5 16. Qg4 Nxf4 17. Qxf4 c5 18. cxd4 cxd4 19. Rfe1 Kh8 20. Qf5 g6 21. Qe5+ Kh7 22. Bc4 Qd7 23. Rxd4 Qc6 24. Qg3 Rbd8 25. Rxd8 Rxd8 26. Bxf7 Qd6 27. Bxg6+ Kh8 28. Qxd6 Rxd6 29. Bd3 Rd7 30. f3 Kg7 31. Kf2 a5 32. Re5 a4 33. Ra5 Bc6 34. Ra6 Rd6 35. Be4 1-0


[Site "https://www.chess.com"]

[Event "Titled Tuesday Blitz February 07 Early 2023"]
[White "Bolanos, Fernando"]
[Black "Suder, Jakub"]
[WhiteFideId "3304094"]
[BlackFideId "1195310"]
[WhiteElo "2248"]
[BlackElo "2244"]
[Result "0-1"]
[Round "01"]
[TimeControl "180+2"]
[Date "2023.02.07"]
[WhiteClock "0:00:03"]
[BlackClock "0:00:02"]

1. e4 c5 2. Nf3 e6 3. d4 cxd4 4. Nxd4 Nc6 5. c4 Nf6 6. Nc3 Bb4 7. Qd3 O-O 8. Be2 d5 9. exd5 exd5 10. Nxc6 bxc6 11. O-O d4 12. Ne4 Bf5 13. Nxf6+ Qxf6 14. Qf3 Qg6 15. Bf4 d3 16. Bd1 Rfe8 17. Ba4 Be4 18. Qg3 Qf6 19. a3 Bf8 20. b4 Rad8 21. Bg5 Qc3 22. Bxd8 Rxd8 23. f3 Bg6 24. Bxc6 Qxc4 25. Be4 Qd4+ 26. Kh1 d2 27. Rad1 Bd6 28. Qg5 Be5 29. Bxg6 hxg6 30. f4 Bf6 31. Qg3 Qb2 32. f5 gxf5 33. Qf3 Qc2 34. Qe3 Bc3 35. Qxa7 Bf6 36. b5 Qc4 37. b6 Qxf1+ 38. Rxf1 d1=Q 39. Qa6 Qd7 40. a4 Rb8 41. a5 Bc3 42. Rb1 Qd6 43. b7 Qe5 44. Qa8 Bb4 45. a6 Bd6 46. a7 Qxh2# 0-1


[Site "https://www.chess.com"]

[Event "Titled Tuesday Blitz February 07 Early 2023"]
[White "Megalios, Konstantinos"]
[Black "Kornyukov, Alexey"]
[WhiteFideId "4238044"]
[BlackFideId "4150457"]
[WhiteElo "2372"]
[BlackElo "2452"]
[Result "1-0"]
[Round "01"]
[TimeControl "180+2"]
[Date "2023.02.07"]
[WhiteClock "0:00:45"]
[BlackClock "0:00:59"]

1. Nf3 d5 2. g3 Nc6 3. c4 dxc4 4. Na3 e5 5. Nxc4 Be6 6. Ncxe5 Nxe5 7. Nxe5 Qd5 8. Nf3 Bg4 9. Bg2 O-O-O 10. d3 Bb4+ 11. Bd2 Bxd2+ 12. Qxd2 Nf6 13. O-O Rhe8 14. Rfc1 Kb8 15. b4 Ne4 16. Qf4 Nf6 17. Qxc7+ Ka8 18. Ne5 Qb5 19. Nxf7 Be6 20. Nxd8 1-0


[Site "https://www.chess.com"]

[Event "Titled Tuesday Blitz February 07 Early 2023"]
[White "Koridze, Lile"]
[Black "Sanchez, Sebastian Felipe"]
[WhiteFideId "13612514"]
[BlackFideId "4403304"]
[WhiteElo "2191"]
[BlackElo "2427"]
[Result "0-1"]
[Round "01"]
[TimeControl "180+2"]
[Date "2023.02.07"]
[WhiteClock "0:01:12"]
[BlackClock "0:00:58"]

1. d4 Nf6 2. c4 e6 3. Nf3 d5 4. g3 Bb4+ 5. Bd2 Be7 6. Bg2 O-O 7. O-O Nbd7 8. Qc2 c6 9. Rd1 Ne4 10. b3 f5 11. Bc3 Bf6 12. e3 g5 13. Bb2 g4 14. Ne5 Nxe5 15. dxe5 Bg7 16. Nc3 Bd7 17. Nxe4 fxe4 18. Qe2 h5 19. h3 gxh3 20. Bxh3 Qg5 21. Bg2 Rf7 22. cxd5 exd5 23. Rac1 Bg4 24. Qd2 Bxd1 25. Rxd1 Bxe5 26. Ba3 h4 0-1


[Site "https://www.chess.com"]

[Event "Titled Tuesday Blitz February 07 Early 2023"]
[White "Iskusnyh, Sergei"]
[Black "OKEKE, Isaac Chukwudalu"]
[WhiteFideId "4120027"]
[BlackFideId "8508526"]
[WhiteElo "2440"]
[BlackElo "2155"]
[Result "1/2-1/2"]
[Round "01"]
[TimeControl "180+2"]
[Date "2023.02.07"]
[WhiteClock "0:00:08"]
[BlackClock "0:00:05"]

1. d4 d5 2. c4 e6 3. Nf3 Nf6 4. g3 Bb4+ 5. Bd2 a5 6. Bg2 O-O 7. a3 Be7 8. Qc2 c5 9. cxd5 Qxd5 10. Nc3 Qh5 11. dxc5 Qxc5 12. O-O Nc6 13. Rac1 e5 14. Be3 Qc4 15. Nd2 Qa6 16. Nde4 Be6 17. Nxf6+ Bxf6 18. Ne4 Be7 19. Nc5 Bxc5 20. Qxc5 Rfc8 21. Rfd1 Qxe2 22. Qb6 Nd4 23. Bxd4 Rxc1 24. Rxc1 exd4 25. Qxd4 h6 26. h4 Rb8 27. b4 Qg4 28. Qxg4 Bxg4 29. Rc7 b6 30. Bd5 Be6 31. Bxe6 fxe6 32. b5 Rd8 33. Rc6 Rd1+ 34. Kg2 Ra1 35. Rxb6 Rxa3 36. Rxe6 Kf7 37. Ra6 Rb3 38. Rxa5 Kf6 39. Ra6+ Kf7 40. Rb6 Kg8 41. Rb8+ Kh7 42. h5 Rb4 43. b6 Rb5 44. g4 Rb4 45. f3 Rb3 46. Kg3 Rb4 47. Kf2 Rb3 48. Ke2 Rb4 49. b7 Rb6 50. f4 Re6+ 51. Kf3 Rb6 52. g5 hxg5 53. fxg5 g6 54. hxg6+ Kg7 55. Ke4 Rb1 56. Ke5 Re1+ 57. Kd4 Rd1+ 58. Kc3 Rb1 59. Kc4 Rc1+ 60. Kd5 Rd1+ 61. Ke4 Re1+ 62. Kd4 Rb1 63. Kc3 Rb5 64. Kc4 Rb1 65. Kd5 Rd1+ 66. Ke6 Re1+ 67. Kf5 Rf1+ 68. Ke4 Re1+ 69. Kf3 Rb1 70. Rd8 Rxb7 71. Rd6 Rb4 72. Kg3 Rc4 73. Re6 Rb4 74. Kf3 Rc4 75. Re4 Rxe4 76. Kxe4 Kxg6 77. Kf4 Kg7 78. Kf5 Kf7 79. g6+ Kg7 80. Kg5 Kg8 81. Kh5 Kg7 82. Kg5 Kg8 83. Kf6 Kf8 84. g7+ Kg8 85. Kg6 1/2-1/2


[Site "https://www.chess.com"]

[Event "Titled Tuesday Blitz February 07 Early 2023"]
[White "JonSnowNW1"]
[Black "Horobetz, Graham"]
[BlackFideId "2047322"]
[WhiteElo "2329"]
[BlackElo "2140"]
[Result "0-1"]
[Round "01"]
[TimeControl "180+2"]
[Date "2023.02.07"]
[WhiteClock "0:00:12"]
[BlackClock "0:00:53"]

1. c4 c5 2. Nc3 g6 3. g3 Bg7 4. Bg2 Nc6 5. e4 d6 6. Nge2 e5 7. O-O Nge7 8. d3 O-O 9. h3 Be6 10. f4 Qd7 11. Kh2 f5 12. Nd5 Rab8 13. fxe5 dxe5 14. Nec3 b6 15. Nxe7+ Nxe7 16. Nd5 Nc8 17. Be3 Nd6 18. b3 Bxd5 19. cxd5 f4 20. Bf2 Bf6 21. g4 Qe7 22. Bf3 Bh4 23. Bxh4 Qxh4 24. Qe1 Qe7 25. a4 g5 26. Kg2 Rf6 27. Rh1 Rh6 28. Qc3 Rc8 29. Rac1 Rg6 30. Qe1 Kh8 31. Kf1 b5 32. Rc2 bxa4 33. bxa4 Rc7 34. h4 gxh4 35. Rxh4 c4 36. dxc4 Nxc4 37. Qc3 Ne3+ 38. Ke2 Rxc3 39. Rxc3 Qxh4 0-1


[Site "https://www.chess.com"]

[Event "Titled Tuesday Blitz February 07 Early 2023"]
[White "Klose, Eli"]
[Black "Levitan, Caleb Levi"]
[WhiteFideId "16242955"]
[BlackFideId "14332620"]
[WhiteElo "1519"]
[BlackElo "2129"]
[Result "1-0"]
[Round "01"]
[TimeControl "180+2"]
[Date "2023.02.07"]
[WhiteClock "0:02:06"]
[BlackClock "0:00:14"]

1. e4 c5 2. Nc3 g6 3. g3 Bg7 4. d3 Nc6 5. Be3 d6 6. Qd2 e6 7. Bg2 Nge7 8. Bh6 O-O 9. h4 Bxh6 10. Qxh6 Kh8 11. h5 Ng8 12. Qd2 Bd7 13. hxg6 fxg6 14. Nf3 Qf6 15. O-O-O Nd4 16. Ng5 h5 17. f4 e5 18. Nd5 Qg7 19. f5 gxf5 20. Rxh5+ Nh6 21. Rxh6+ Qxh6 22. Nf7+ Rxf7 23. Qxh6+ Rh7 24. Qf6+ Rg7 25. Rh1+ Kg8 26. Ne7+ Rxe7 27. Qxe7 1-0


[Site "https://www.chess.com"]

[Event "Titled Tuesday Blitz February 07 Early 2023"]
[White "Rose, Felix"]
[Black "Demin, Vladimir"]
[WhiteFideId "5105722"]
[BlackFideId "4167457"]
[WhiteElo "2091"]
[BlackElo "2430"]
[Result "1-0"]
[Round "01"]
[TimeControl "180+2"]
[Date "2023.02.07"]
[WhiteClock "0:00:06"]
[BlackClock "0:00:29"]

1. e4 e5 2. Nf3 Nc6 3. Bb5 a6 4. Ba4 Bc5 5. c3 Nge7 6. O-O Ba7 7. d4 Ng6 8. Bg5 f6 9. Be3 O-O 10. d5 Nce7 11. d6 cxd6 12. Qxd6 Bxe3 13. fxe3 b5 14. Bb3+ Kh8 15. Rd1 Rb8 16. Qxb8 d5 17. Bxd5 Qd7 18. Bb3 Qg4 19. Nbd2 h5 20. h3 Qd7 21. Nf1 Qc6 22. Bd5 Qc5 23. b4 Qxc3 24. Rac1 Qa3 25. Qd6 h4 26. Nxh4 Kh7 27. Nxg6 Nxg6 28. Be6 Bxe6 29. Qxe6 Qxb4 30. Qf5 Kh6 31. g4 Nf4 32. exf4 g6 33. Qd7 Qxe4 34. Rc7 Qxf4 35. Qh7+ Kg5 36. Rc2 f5 37. h4+ Kxg4 38. Rg2+ Kh3 39. Rd3+ Qf3 40. Rxf3# 1-0


[Site "https://www.chess.com"]

[Event "Titled Tuesday Blitz February 07 Early 2023"]
[White "Budisavljevic, Luka"]
[Black "Schut, Han"]
[WhiteFideId "960047"]
[BlackFideId "1005561"]
[WhiteElo "2488"]
[BlackElo "2101"]
[Result "1-0"]
[Round "01"]
[TimeControl "180+2"]
[Date "2023.02.07"]
[WhiteClock "0:00:37"]
[BlackClock "0:00:03"]

1. d4 Nf6 2. Nf3 g6 3. Bf4 Bg7 4. e3 O-O 5. Be2 b6 6. c4 Bb7 7. Nc3 d6 8. h3 Nbd7 9. O-O Re8 10. Qc2 e5 11. Bh2 e4 12. Nd2 Rc8 13. b4 c5 14. Bxd6 cxd4 15. exd4 e3 16. Nf3 exf2+ 17. Rxf2 Ne4 18. Nxe4 Bxe4 19. Qd2 Nf8 20. Bxf8 Rxf8 21. Rd1 Qe7 22. d5 b5 23. d6 Qb7 24. c5 f5 25. Bd3 Bc6 26. Bc2 Rcd8 27. Qe2 Kh8 28. Bb3 h6 29. Nh4 Kh7 30. Qe6 Be8 31. Kh1 Bf7 32. Qe2 Bxb3 33. axb3 Qf7 34. Re1 Rfe8 35. Qf1 Bd4 36. Rfe2 Rxe2 37. Qxe2 Qg7 38. Qe7 Rf8 39. Qxg7+ Kxg7 40. Nf3 Bc3 41. Re7+ Rf7 42. c6 Rxe7 43. dxe7 Kf7 44. c7 Kxe7 45. c8=Q 1-0


[Site "https://www.chess.com"]

[Event "Titled Tuesday Blitz February 07 Early 2023"]
[White "Ruiz Aguilar, Pablo Alexander"]
[Black "Shuvalova, Polina"]
[WhiteFideId "4401352"]
[BlackFideId "24171760"]
[WhiteElo "2161"]
[BlackElo "2484"]
[Result "0-1"]
[Round "01"]
[TimeControl "180+2"]
[Date "2023.02.07"]
[WhiteClock "0:00:02"]
[BlackClock "0:01:03"]

1. e4 c6 2. d4 d5 3. exd5 cxd5 4. c4 Nf6 5. Nc3 e6 6. Nf3 Bb4 7. Bd3 dxc4 8. Bxc4 O-O 9. O-O b6 10. Ne5 Bb7 11. a3 Bxc3 12. bxc3 Nbd7 13. Qe2 Qc7 14. Bf4 Nxe5 15. Bxe5 Qc6 16. f3 Rac8 17. Bd3 Qxc3 18. Rfc1 Qxc1+ 19. Rxc1 Rxc1+ 20. Kf2 Rfc8 21. Kg3 Bd5 22. a4 Bc4 23. Bxf6 gxf6 24. Bxc4 R1xc4 25. d5 exd5 26. Qe7 Kg7 27. h4 Rxa4 28. h5 h6 29. Qd7 Rac4 30. Qxd5 R4c5 31. Qd7 R8c7 32. Qd8 a5 33. Kh4 b5 34. g4 b4 35. Qd4 b3 36. f4 Rc4 37. Qb2 a4 38. Qa1 Rxf4 39. Qe1 Rcc4 0-1


[Site "https://www.chess.com"]

[Event "Titled Tuesday Blitz February 07 Early 2023"]
[White "Borgaonkar Akshay"]
[Black "Zaichenko, Daria"]
[WhiteFideId "25639110"]
[BlackFideId "4197453"]
[WhiteElo "1991"]
[BlackElo "2104"]
[Result "1-0"]
[Round "01"]
[TimeControl "180+2"]
[Date "2023.02.07"]
[WhiteClock "0:00:23"]
[BlackClock "0:00:11"]

1. Nf3 Nf6 2. g3 d5 3. Bg2 c5 4. O-O e6 5. d3 Be7 6. Nbd2 O-O 7. e4 Nc6 8. Re1 d4 9. e5 Nd5 10. Ne4 h6 11. h4 f5 12. exf6 Nxf6 13. Nxf6+ Bxf6 14. Nd2 e5 15. Ne4 Be7 16. c4 Bf5 17. a3 Qd7 18. Bd2 Kh7 19. Rb1 a5 20. Qa4 Rf7 21. Qb5 Nb8 22. Qxd7 Nxd7 23. Rec1 a4 24. b4 axb3 25. Rxb3 Ra6 26. Be1 b6 27. Rcb1 g6 28. Kh2 Bxe4 29. Bxe4 Nf6 30. Bb7 Ra7 31. Bf3 Nd7 32. Kg2 g5 33. Be4+ Kg7 34. hxg5 Bxg5 35. Bd5 Re7 36. R1b2 Bc1 37. Ra2 Nf6 38. Bc6 Re6 39. Bf3 Ra4 40. Rc2 Rxa3 41. Rxa3 Bxa3 42. Ra2 Bc1 43. Ra7+ Kg6 44. Ra1 Bg5 45. Bb7 e4 46. dxe4 Nxe4 47. Bd5 Re7 48. Rb1 Kf5 49. Rxb6 Nxg3 50. Ba5 Ne4 51. Rc6 d3 52. f3 Nf6 53. Rxc5 d2 54. Be4+ Kf4 55. Bxd2# 1-0


[Site "https://www.chess.com"]